[Event "*** Titled Tuesday Blitz"]
[Site "Chess.com"]
[Date "2018.10.02"]
[Round "5"]
[White "Alopekos"]
[Black "Lovkov_Roman"]
[Result "0-1"]
[WhiteElo "2436"]
[BlackElo "2632"]
[TimeControl "180+2"]
[EndTime "14:05:16 PDT"]
[Termination "Lovkov_Roman won by resignation"]

1. e4 c6 2. d4 d5 3. Nd2 dxe4 4. Nxe4 Bf5 5. Ng3 Bg6 6. h4 h6 7. Nf3 Nd7 8. h5 Bh7 9. Bd3 Bxd3 10. Qxd3 e6 11. Bd2 Ngf6 12. O-O-O Be7 13. Kb1 Qb6 14. c4 Rd8 15. Bc3 O-O 16. Rhe1 Rfe8 17. Qc2 Qc7 18. Ne5 b5 19. Nxf7 Kxf7 20. Rxe6 Nf8 21. Re2 bxc4 22. d5 Rxd5 23. Rxd5 cxd5 24. Nf5 Qd7 25. g4 Bc5 26.
Rxe8 Qxe8 27. Bd4 Bxd4 28. Nd6+ Ke7 29. Nxe8 Nxe8 30. Qe2+ Kf7 31. f4 Nf6 32. Qf3 Ne4 33. Kc2 Ne6 34. g5 Ke7 35. gxh6 gxh6 36. Qg4 Bf6 37. Qg6 Nd4+ 38. Kd1 Nf2+ 39. Kc1 Nd3+ 40. Kb1 Nxf4 41. Qxh6 Nfe6 42. Qh7+ Kd6 43. Qxa7 Bg5 44. a4 Nb3 45. a5 d4 46. Qb6+ Kd5 47. Qb7+ Ke5 48.
Qb5+ Ke4 49. Qc6+ Ke5 50. Qb5+ Nec5 51. a6 d3 52. Qb8+ Kd5 53. Qa8+ Kd4 54. Qh8+ Ke3 55. Qe5+ Ne4 56. Qh2 d2 57. Qg1+ Ke2 58. a7 Be3 59. Qg4+ Ke1 60. a8=Q d1=Q+ 61. Qxd1+ Kxd1 62. Qd5+ Ned2+ 63. Ka2 Bc5 64. h6 Nc1+ 65. Ka1 Kc2 66. Qxd2+ Kxd2 67. h7 Bd4 68. Kb1 Nd3 69. Ka2 0-1

[Event "*** Titled Tuesday Blitz"]
[Site "Chess.com"]
[Date "2018.10.02"]
[Round "5"]
[White "ChessicallyInclined"]
[Black "MFBerna"]
[Result "1/2-1/2"]
[WhiteElo "2424"]
[BlackElo "2419"]
[TimeControl "180+2"]
[EndTime "14:05:24 PDT"]
[Termination "Game drawn by agreement"]

1. e4 d6 2. d4 Nf6 3. Nc3 e5 4. Nf3 Nbd7 5. Bc4 Be7 6. O-O O-O 7. a4 c6 8. a5 Rb8 9. Qe2 b5 10. axb6 axb6 11. d5 Bb7 12. dxc6 Bxc6 13. Bb5 Bb7 14. Bg5 h6 15. Bh4 Nc5 16. Bxf6 Bxf6 17. Rfd1 Qc7 18. Nd5 Bxd5 19. Rxd5 Ra8 20. Rxa8 Rxa8 21. g3 Be7 22. Kg2 Ra2 23. c3 g6 24. Bc4 Ra7 25. Rd1 Kg7 26.
h4 h5 27. Ne1 Ra8 28. Nc2 Rb8 29. Nb4 Ne6 30. Nd5 Qb7 31. b4 Bd8 32. Kh2 Qc8 33. Bb3 Qb7 34. Qb5 Nc7 35. Nxc7 Qxc7 36. Rd3 Be7 37.
Rf3 Bf6 38. Bd5 Rc8 39. c4 Rd8 40. Ra3 Qd7 41. Qxb6 Qg4 42. Ra7 Rd7 43. Rxd7 Qxd7 44. c5 dxc5 45. bxc5 Bd8 46. Qb8 Qc7 47. Qb4 Be7 48.
Qb3 Qxc5 49. Kg2 Qb4 50. Qa2 Qa3 51. Bxf7 Qxa2 52. Bxa2 Bc5 53. Bd5 Kf6 54. Kf3 g5 55. hxg5+ Kxg5 56. Kg2 h4 57. gxh4+ Kxh4 58. Kf3 Kg5 59.
Be6 Bd4 60. Bf5 Bc5 61. Ke2 Kf4 1/2-1/2

[Event "*** Titled Tuesday Blitz"]
[Site "Chess.com"]
[Date "2018.10.02"]
[Round "5"]
[White "andrzej"]
[Black "Cryptinz"]
[Result "0-1"]
[WhiteElo "2200"]
[BlackElo "2382"]
[TimeControl "180+2"]
[EndTime "14:05:24 PDT"]
[Termination "Cryptinz won by checkmate"]

1. d4 d5 2. c4 c6 3. cxd5 cxd5 4. Bf4 Nc6 5. e3 Nf6 6. Nc3 a6 7. Bd3 g6 8. Rc1 Bg7 9. h3 O-O 10. Nf3 Bd7 11. O-O Rc8 12. Ne5 b5 13. Qe2 e6 14. Rfd1 Nh5 15. Bh2 Nxe5 16. dxe5 Bh6 17. g4 Ng7 18. f4 Ne8 19. g5 Bg7 20. e4 d4 21. Nb1 Rxc1 22. Rxc1 Bxe5 23. Nd2 Bg7 24.
e5 Nc7 25. Ne4 Nd5 26. Qf2 h6 27. Nf6+ Bxf6 28. gxf6 Nxf6 29. exf6 Qxf6 30. Be4 e5 31. Rf1 Bxh3 32. Bg2 Bxg2 33. Qxg2 exf4 34. Bxf4 Qh4 35.
Be5 Re8 36. Bf6 Qe4 37. Qh2 Kh7 38. Qf4 Qe3+ 39. Qxe3 dxe3 40. Bd4 f5 41. Rf3 e2 42.
Bc3 e1=Q+ 43. Bxe1 Rxe1+ 44. Kf2 Rb1 45. Rb3 h5 46. a4 bxa4 47. Rb6 Kh6 48. Kg3 a3 49. Rxa6 axb2 50. Kh4 Rh1+ 51. Kg3 h4+ 52. Kf4 Rf1+ 53. Ke5 b1=Q 54. Kf6 Qb2+ 55. Kf7 Qg7+ 56. Ke8 Re1+ 57. Kd8 Qe7+ 58. Kc8 Rc1+ 59. Kb8 Qc7+ 60. Ka8 Qc8+ 61. Ka7 Qd7+ 62. Kb6 Qc7+ 63. Kb5 Qc5+ 64. Ka4 Rc4+ 65. Kb3 Qb4+ 66. Ka2 Rc2+ 67. Ka1 Qe1# 0-1

[Event "*** Titled Tuesday Blitz"]
[Site "Chess.com"]
[Date "2018.10.02"]
[Round "5"]
[White "Rashad_Zeynalli"]
[Black "GCamachoMartinez"]
[Result "0-1"]
[WhiteElo "2324"]
[BlackElo "2284"]
[TimeControl "180+2"]
[EndTime "14:05:37 PDT"]
[Termination "GCamachoMartinez won by resignation"]

1. e4 e5 2. Nf3 Nf6 3. Nxe5 d6 4. Nf3 Nxe4 5. d4 d5 6. Bd3 Be7 7. O-O Nc6 8. c4 Nb4 9. Be2 O-O 10. Nc3 Bf5 11. a3 Nxc3 12. bxc3 Nc6 13. cxd5 Qxd5 14. Bf4 Rac8 15. Re1 Rfe8 16. Qa4 Bd7 17. Qc2 Bf5 18. Qa4 Bd6 19. Bc4 Qa5 20. Bxf7+ Kxf7 21. Qb3+ Kf8 22. Ng5 Bg6 23. Bxd6+ cxd6 24. Re3 Qxg5 25. Rf3+ Ke7 26. Qxb7+ Kd8 27. Qxg7 Qe7 28. Qf6 Qxf6 29. Rxf6 Kd7 30. h4 Rf8 31. Rxf8 Rxf8 32. f3 Rc8 33. g4 Na5 34. h5 Rxc3 35. hxg6 hxg6 36. Kf2 Nc4 37. a4 Nd2 38. Rh1 Rxf3+ 39. Ke2 Rf4 40. Kxd2 Rxd4+ 41. Ke3 Rxa4 42. Kf3 Ke6 43. Re1+ Kf6 44. Rd1 Ra3+ 45.
Ke4 Ke6 46. Kf4 Ra5 47. Re1+ Re5 48. Ra1 a5 49. Ra2 g5+ 50. Kf3 Kd7 51. Rc2 a4 52.
Ra2 Ra5 53. Ke4 Ke6 54. Kd4 a3 55. Re2+ Kf6 56. Rf2+ Ke6 57. Re2+ Kd7 58. Ra2 Kc6 59. Kc4 d5+ 60. Kd4 Kd6 61. Kd3 Ke5 62. Kc3 d4+ 63. Kb4 Ra8 64. Kb3 Ke4 65. Re2+ Kf3 66. Re7 a2 0-1

[Event "*** Titled Tuesday Blitz"]
[Site "Chess.com"]
[Date "2018.10.02"]
[Round "5"]
[White "Gubajdullin"]
[Black "farzadbfd"]
[Result "1/2-1/2"]
[WhiteElo "2383"]
[BlackElo "2541"]
[TimeControl "180+2"]
[EndTime "14:06:03 PDT"]
[Termination "Game drawn by agreement"]

1. d4 d5 2. Bf4 Nf6 3. e3 c5 4. c3 Qb6 5. Qb3 e6 6. Nf3 Be7 7. Nbd2 O-O 8. Ne5 Nh5 9. Bg3 Nc6 10. Nxc6 bxc6 11. Be5 cxd4 12. exd4 c5 13. dxc5 Bxc5 14.
Qxb6 axb6 15. Nb3 Nf6 16. Nxc5 bxc5 17. Bd6 Rd8 18. Bxc5 Rb8 19. Ba3 d4 20. cxd4 Rxd4 21. Rd1 Rxd1+ 22. Kxd1 Ne4 23. Ke1 e5 24. f3 Nf6 25.
Bc4 e4 26. fxe4 Nxe4 27. Ke2 Bg4+ 28. Ke3 Re8 29. Kf4 h5 30. h4 Nd2 31. Bd5 Rd8 32.
Bc6 f6 33. Rc1 Rd3 34. Bb4 Rd4+ 35. Ke3 Rxb4 36. Kxd2 Rxb2+ 37. Rc2 Rb6 38. a4 Kf8 39. a5 Ra6 40. Rc5 Ke7 41. Bb7 Ra7 42. a6 Kd6 43. Rc6+ Kd7 44. Rc5 Ke6 45. Kc3 Be2 46. Kb4 Bxa6 47.
Bxa6 Rxa6 48. Rxh5 Ra2 49. g4 Rg2 50. g5 f5 51. Rh7 Kf7 52. Rh8 f4 53. Rd8 f3 54.
Rd4 Kg6 55. Rf4 f2 56. Kc3 Rg4 57. Rxf2 Rxh4 58. Rg2 Re4 59. Kd3 Re5 60. Rg1 Kh5 61. g6 Re6 62. Kd2 Rxg6 63. Rh1+ Kg5 64. Ke2 Rf6 65.
Rg1+ Kh5 66. Rxg7 Kh4 67. Rh7+ Kg5 1/2-1/2

[Event "*** Titled Tuesday Blitz"]
[Site "Chess.com"]
[Date "2018.10.02"]
[Round "5"]
[White "David_Paravyan"]
[Black "Witik"]
[Result "1-0"]
[WhiteElo "2813"]
[BlackElo "2555"]
[TimeControl "180+2"]
[EndTime "14:06:11 PDT"]
[Termination "David_Paravyan won by resignation"]

1. d4 Nf6 2. c4 g6 3. Nc3 Bg7 4. e4 O-O 5. h3 d6 6. Be3 b6 7. Nf3 c5 8. d5 e6 9. Bd3 Re8 10.
O-O Nbd7 11. dxe6 fxe6 12. Bc2 Ne5 13. Nxe5 dxe5 14. Ba4 Rf8 15. Bc6 Rb8 16. Qxd8 Rxd8 17. Rad1 Ba6 18. Nb5 Bxb5 19. cxb5 Kf7 20. g4 Ke7 21. f3 Rxd1 22. Rxd1 Rd8 23. Rxd8 Kxd8 24. Kf2 Ng8 25. Ke2 Bh6 26. Bf2 Ne7 27. Bb7 Kc7 28. Ba6 Bf4 29. h4 h6 30. Kd3 Ng8 31. Kc4 Nf6 32.
b4 cxb4 33. Kxb4 Ne8 34. a4 h5 35. g5 Nd6 36. Kc3 Nf7 37. Kd3 Bc1 38. Be1 Ba3 39.
a5 Be7 40. Bc3 Bc5 41. Ke2 Bd4 42. Be1 Bc5 43. Kd3 Nd6 44. Bg3 Nf7 45. Kc4 Bg1 46. f4 exf4 47. Bxf4+ e5 48. axb6+ axb6 49. Bg3 Kd6 50.
Bc8 Be3 51. Bb7 Nd8 52. Bd5 Ne6 53. Bc6 Nf4 54. Be8 Bc1 55. Bf7 Be3 56. Be8 Ke7 57.
Bxf4 Bxf4 58. Bxg6 Bg3 59. Bxh5 Bxh4 60. g6 Bf6 61. Kd5 Kd7 62. Bg4+ Ke7 63. Kc6 Kf8 64. Kxb6 Kg7 65. Bf5 1-0

[Event "*** Titled Tuesday Blitz"]
[Site "Chess.com"]
[Date "2018.10.02"]
[Round "5"]
[White "StoreySniper"]
[Black "Phelathegreat"]
[Result "1-0"]
[WhiteElo "2426"]
[BlackElo "2313"]
[TimeControl "180+2"]
[EndTime "14:06:15 PDT"]
[Termination "StoreySniper won by resignation"]

1. c4 c5 2. g3 Nc6 3. Bg2 g6 4. h4 Bg7 5. h5 d6 6. Nc3 e6 7. d3 Nge7 8. h6 Bf6 9. Ne4 Ng8 10. Nxf6+ Qxf6 11. Nf3 Nge7 12. Rb1 e5 13. Bg5 Qe6 14. Bh3 f5 15. Bd2 Nd4 16. Ng5 Qf6 17. f4 exf4 18. gxf4 Nec6 19. Bc3 O-O 20. e3 Qe7 21. Kf2 Ne6 22. Rg1 Nxg5 23. Rxg5 Bd7 24. Qd2 Rae8 25. Rbg1 Qe6 26. b3 Rf7 27. R1g3 Kf8 28. Ba1 Ne7 29. Qc3 Ng8 30. Bxf5 gxf5 31. Rxg8+ Ke7 32. R8g7 Rf8 33. d4 Qxh6 34. dxc5 Bc6 35. cxd6+ Kd7 36. R7g5 Qh2+ 37. Rg2 Bxg2 38. Rxg2 Qh4+ 39. Ke2 Re8 40. Qa5 Qh5+ 41. Kd2 Kc8 42. Qxa7 Qf3 43. Re2 Qc6 44. Be5 b5 45. cxb5 Qd5+ 46. Qd4 Qxb5 47. Ke1 Qa5+ 48.
Kf2 Kd8 49. Rc2 Re6 50. Rc7 Rf8 51. Re7 Rh6 52. Kg2 Rg8+ 53. Rg7 Qa8+ 54. e4 Rxg7+ 55. Bxg7 Rg6+ 56. Kf2 Qxa2+ 57. Qb2 Qa7+ 58. Bd4 Qb7 59.
Qa3 Qxe4 60. Qa5+ Ke8 61. Qb5+ Kf7 62. Qd7+ Kf8 63. Qd8+ Kf7 64. Qd7+ Kf8 65. Qd8+ Qe8 66. Qc7 Rg4 67. d7 Qa8 68. d8=Q+ Qxd8 69. Qxd8+ Kf7 70. Qd7+ Kg6 71. Qe6+ Kh5 72. Qxf5+ Kh4 73. Qxg4+ Kxg4 74. Be3 Kf5 75. b4 Ke4 76. b5 Kd5 77. b6 Kc6 78. Kg3 h5 79. Kh4 1-0

[Event "*** Titled Tuesday Blitz"]
[Site "Chess.com"]
[Date "2018.10.02"]
[Round "5"]
[White "JonahWillow"]
[Black "Kouzari"]
[Result "1-0"]
[WhiteElo "2706"]
[BlackElo "2480"]
[TimeControl "180+2"]
[EndTime "14:06:49 PDT"]
[Termination "JonahWillow won by resignation"]

1. e4 e6 2. d3 d5 3. Nd2 Nc6 4. Ngf3 Nf6 5. c3 e5 6. g3 a5 7. Bg2 dxe4 8. dxe4 Bd6 9. O-O O-O 10. Re1 b6 11.
Nc4 Ba6 12. Nxd6 Qxd6 13. Bg5 Qxd1 14. Raxd1 Ne8 15. b4 f6 16. Bd2 Nd6 17. a4 axb4 18. cxb4 Bc4 19. Ra1 b5 20. a5 Kf7 21. Bf1 Bxf1 22. Kxf1 Nc4 23. Bc3 Rfd8 24. Ke2 Nb8 25. Nd2 Nxd2 26. Bxd2 Na6 27. Rac1 Rd6 28. Be3 Rad8 29.
Rc2 Ke6 30. Bc5 Rd3 31. Rec1 Rb3 32. h4 Rd7 33. Rc3 Nxc5 34. bxc5 Rxc3 35. Rxc3 c6 36. Ra3 b4 37. Rd3 Ra7 38. Rd6+ Kf7 39. Rxc6 Rxa5 40. Kd3 Ra3+ 41. Kc4 Rf3 42. Kxb4 Rxf2 43. Rc7+ Kg6 44. c6 Re2 45. h5+ Kh6 46. Kc5 Rxe4 47. Ra7 Re3 48. Ra4 Rc3+ 49. Rc4 Ra3 50. c7 Ra8 51. Kd5 Rc8 52. Ke6 Kxh5 53. Kd7 Rf8 54. c8=Q Rxc8 55.
Kxc8 f5 56. Kd7 e4 57. Kd6 Kg4 58. Ke5 g5 59. Rc1 e3 60. Kd4 f4 61. gxf4 gxf4 62.
Kd3 Kg3 63. Ke2 Kg2 64. Rc8 h5 65. Rg8+ Kh2 66. Kf3 h4 67. Rf8 h3 68. Rg8 Kh1 69.
Rg7 Kh2 70. Rg5 Kh1 71. Ra5 e2 72. Kxe2 Kg2 73. Rg5+ Kh2 74. Kf2 Kh1 75. Ra5 Kh2 76. Rh5 f3 77. Rh6 1-0

[Event "*** Titled Tuesday Blitz"]
[Site "Chess.com"]
[Date "2018.10.02"]
[Round "5"]
[White "biostatistician"]
[Black "vovachesss"]
[Result "1/2-1/2"]
[WhiteElo "2566"]
[BlackElo "2466"]
[TimeControl "180+2"]
[EndTime "14:06:50 PDT"]
[Termination "Game drawn - insufficient material"]

1. d4 g6 2. Nf3 Bg7 3. c4 c6 4. Nc3 d5 5. cxd5 cxd5 6. Bf4 Nf6 7. e3 O-O 8. Bd3 Nc6 9. O-O Bf5 10. Bxf5 gxf5 11.
Ne5 Rc8 12. Qb3 Na5 13. Qd1 Ne4 14. Nxe4 fxe4 15. Qg4 f5 16. Qg3 e6 17. Rac1 Kh8 18. Qh3 Kg8 19. Qg3 Kh8 20. Bg5 Qe8 21. Qh4 Bxe5 22. dxe5 Qg6 23. Be7 Rfe8 24. b3 Kg8 25.
Bf6 h5 26. h3 Kf7 27. Kh2 Rg8 28. g3 Rge8 29. Rg1 Nc6 30. g4 hxg4 31. hxg4 Ne7 32. Rxc8 Rxc8 33. gxf5 Nxf5 34. Rxg6 Nxh4 35. Rg7+ Kf8 36.
Rxb7 Nf5 37. Rxa7 Rc2 38. Kg1 Rc1+ 39. Kg2 Rc2 40. Bg5 d4 41. exd4 e3 42. Bxe3 Nxe3+ 43. Kf3 Nf5 44. d5 exd5 45. b4 Nd4+ 46. Ke3 Nf5+ 47.
Kf3 Nd4+ 48. Kg3 Nc6 49. Rc7 Rc3+ 50. Kf4 Rc4+ 51. Kg5 Nxb4 52. Rd7 Ke8 53. Rd6 Rc6 54. Rxc6 Nxc6 55. f4 d4 56. Kg4 Nb4 57. a4 Nd5 58. f5 d3 59. Kf3 Kd7 60. a5 Kc6 61. a6 Kb6 62. f6 Nc7 63. Ke3 Kxa6 64. Kxd3 Kb6 65.
Ke4 Kc6 66. f7 Ne6 67. Kf5 Nf8 68. Kf6 Kd7 69. Kg7 Ke7 70. Kg8 Ng6 71. Kg7 Nf8 72. Kg8 Ne6 73. Kh7 Nf8+ 74. Kg7 Ne6+ 75. Kg8 Nf8 76. e6 Nxe6 77. f8=Q+ Nxf8 1/2-1/2

[Event "*** Titled Tuesday Blitz"]
[Site "Chess.com"]
[Date "2018.10.02"]
[Round "5"]
[White "Jospem"]
[Black "Ravan_02"]
[Result "1-0"]
[WhiteElo "2740"]
[BlackElo "2564"]
[TimeControl "180+2"]
[EndTime "14:07:34 PDT"]
[Termination "Jospem won by resignation"]

1. e4 e6 2. d4 d5 3. Nc3 Nf6 4. e5 Nfd7 5. f4 c5 6. Nf3 Nc6 7. Be3 cxd4 8. Nxd4 Bc5 9. Qd2 O-O 10. O-O-O a6 11.
Kb1 Nxd4 12. Bxd4 b5 13. h4 b4 14. Na4 Bxd4 15. Qxd4 Qa5 16. b3 Bb7 17. Bd3 Bc6 18. Nb2 Qc5 19. Be2 a5 20. Rh3 Qxd4 21. Rxd4 Nc5 22.
Bf3 f6 23. exf6 gxf6 24. Rh1 Rad8 25. Rhd1 Kh8 26. Nc4 a4 27. Na5 axb3 28. axb3 Ba8 29. Rxb4 e5 30. fxe5 fxe5 31. Rb5 Rc8 32. Bxd5 Bxd5 33.
Rxd5 Ne4 34. Rxe5 Nc3+ 35. Kb2 Nxb5 36. Rxb5 Rf2 37. Nc4 Rxg2 38. h5 Rh2 39. Rf5 Kg7 40. Ne3 Re2 41. Rf3 Kh6 42. Nf5+ Kg5 43. Nd4 Rd2 44.
Rc3 Rxc3 45. Kxc3 Rd1 46. b4 Kxh5 47. b5 Rb1 48. Nb3 Rg1 49. Kb4 Rg8 50. c4 Kg4 51. c5 h5 52. c6 h4 53. b6 h3 54. c7 h2 55. b7 h1=Q 56. c8=Q+ Rxc8 57. bxc8=Q+ Kg3 58. Qg8+ Kf2 59. Ka3 Qf3 60. Qh8 Kg2 61. Qg7+ Qg3 62. Qf8 Qf3 63. Qd8 Qg3 64. Kb2 Qf2+ 65.
Nd2 Kh1 66. Qd5+ Qg2 67. Qd7 Qf2 68. Kc1 Qc5+ 69. Kd1 Qg1+ 70. Kc2 Qc5+ 71. Kd3 Qa3+ 72.
Ke2 Qa6+ 73. Ke1 Qa1+ 74. Kf2 Qf6+ 75. Nf3 Qb2+ 76. Nd2 Qf6+ 77. Ke3 Qe5+ 78. Ne4 Qh5 79. Qc6 Qh3+ 80. Kd2 Kg1 81. Qc5+ Kg2 82. Qg5+ Kf3 83. Qe3+ Kg2 84. Qf2+ Kh1 85. Qe1+ Kg2 86. Qe2+ Kh1 87. Nf2+ Kg2 88. Nxh3+ 1-0

[Event "*** Titled Tuesday Blitz"]
[Site "Chess.com"]
[Date "2018.10.02"]
[Round "5"]
[White "Jbd735"]
[Black "AnkitGajwa"]
[Result "1-0"]
[WhiteElo "2320"]
[BlackElo "2302"]
[TimeControl "180+2"]
[EndTime "14:12:34 PDT"]
[Termination "Jbd735 won by resignation"]

1. e4 c5 2. Nf3 e6 3. d4 cxd4 4. Nxd4 Nc6 5. Nxc6 bxc6 6. Bd3 Ba6 7. O-O Bxd3 8. cxd3 Nf6 9. Nc3 d5 10. Qa4 Qd7 11. e5 Ng8 12. Be3 Rb8 13. Qxa7 Qxa7 14. Bxa7 Rb7 15. Be3 Ne7 16. a4 Nf5 17. g4 Nxe3 18.
fxe3 Bb4 19. a5 Ke7 20. Ra4 Ra8 21. a6 Rb6 22. Rfa1 f6 23. exf6+ gxf6 24. Kf2 e5 25. Kf3 Ke6 26. Ne2 Bd6 27. R1a2 Bb8 28. Ng3 Ba7 29. Nf5 Rab8 30. R4a3 Rxb2 31. Rxb2 Rxb2 32. Rc3 c5 33. h4 d4 34. exd4 exd4 35. Rc1 h5 36.
Re1+ Kd5 37. gxh5 c4 38. dxc4+ Kxc4 39. h6 Rb8 40. Re6 d3 41. Rc6+ Bc5 42. Ne3+ Kb5 43. Rc7 Bb6 44. Rd7 Rh8 45. Rxd3 Rxh6 46. Nf5 Rh5 47.
Kg4 Rh8 48. Ra3 Rg8+ 49. Kf3 Bc5 50. Ra2 Ba7 51. Ke4 Kc4 52. Rc2+ Kb5 53. Ra2 Rg4+ 54. Kd5 Kb6 55. Ke6 Bb8 56. Kxf6 Rf4 57. Kg6 Rf1 58. h5 Rg1+ 59. Kf7 Rf1 60. Kf6 Rh1 61.
h6 Ka7 62. Ra4 Bc7 63. Kg6 Rg1+ 64. Kf6 Rh1 65. Ra2 Bd8+ 66. Kf7 Bg5 67. Kg6 Bxh6 68.
Nxh6 Rb1 69. Nf5 Rb6+ 70. Kg5 Rxa6 71. Rb2 Ra5 72. Kf4 Ra6 73. Ke5 Rb6 74. Ra2+ Kb7 75. Nd6+ Kc6 76. Rc2+ Kd7 77. Ne4 Rb5+ 78. Kd4 Ke6 79.
Rh2 Rb4+ 80. Kd3 Ke5 81. Rh5+ Ke6 82. Nc5+ Kd6 83. Kc3 Rg4 84. Nd3 Ke6 85. Kd2 Kd6 86.
Ke3 Ke6 87. Nf4+ Kf6 88. Ke4 Rg1 89. Rh6+ Ke7 90. Kf5 Rf1 91. Ra6 Kd7 92. Ke5 Re1+ 93. Kd4 Rd1+ 94. Nd3 Ke7 95. Ke4 Kd7 96. Ne5+ Kc7 97. Rc6+ Kb7 98. Rc3 Kb6 99. Nc4+ Kb5 100. Ne3 Rd8 101. Nd5 Re8+ 102. Kd4 Rd8 103. Rb3+ Kc6 104. Rb6+ Kd7 105. Rb7+ Ke6 106. Re7+ Kf5 107. Rf7+ Ke6 108. Rf6+ Kd7 109. Kc5 Rc8+ 110. Kb6 Rc1 111. Kb5 Rc2 112. Nb4 Rc1 113. Nd3 Rc3 114. Nc5+ Ke7 115. Rh6 Kf7 116. Rh7+ Kg6 117. Re7 Kf6 118. Re1 Kf5 119. Rf1+ Ke5 120. Kc6 Kd4 121. Rd1+ Ke5 122. Rd5+ Kf4 123. Kd6 Re3 124.
Ne6+ Kf3 125. Nd4+ Kf4 126. Ne6+ Kf3 127. Rf5+ Ke2 128. Kd5 Rd3+ 129. Nd4+ Ke3 130. Rf3+ Kd2 131. Rf2+ Ke3 132. Re2+ Kf4 133. Re1 Rh3 134. Re4+ Kg5 135. Ke5 Rh8 136. Ne6+ Kg6 137. Rg4+ Kf7 138. Rg7+ Ke8 139. Kd6 Rh7 140. Rg8+ Kf7 141. Rf8+ Kg6 142. Rf2 Rh3 143. Nf4+ 1-0

[Event "*** Titled Tuesday Blitz"]
[Site "Chess.com"]
[Date "2018.10.02"]
[Round "6"]
[White "Caterpiller35"]
[Black "francogreek"]
[Result "0-1"]
[WhiteElo "2310"]
[BlackElo "2356"]
[TimeControl "180+2"]
[EndTime "14:15:57 PDT"]
[Termination "francogreek won by resignation"]

1. d4 e6 2. Bf4 f5 3. e3 Nf6 4. c4 Be7 5. Nc3 O-O 6. Qc2 d6 7. Nf3 h6 8. h3 a5 9. O-O-O Nc6 10. a3 Qe8 11. g4 fxg4 12. hxg4 Nxg4 13. Rg1 e5 14. Bg3 Rxf3 15. Be2 Rf8 16. Nd5 Bf5 17. e4 Nxd4 18. Rxd4 exd4 19. exf5 Bg5+ 20. f4 Ne3 21.
Nxe3 Qxe3+ 22. Kb1 Qxg1+ 0-1

[Event "*** Titled Tuesday Blitz"]
[Site "Chess.com"]
[Date "2018.10.02"]
[Round "6"]
[White "Thee-Chessboy"]
[Black "chenrip"]
[Result "1-0"]
[WhiteElo "2312"]
[BlackElo "2385"]
[TimeControl "180+2"]
[EndTime "14:17:28 PDT"]
[Termination "Thee-Chessboy won by resignation"]

1. d4 d5 2. c4 e5 3. dxe5 d4 4. Nf3 Nc6 5. Nbd2 Nge7 6. Nb3 Be6 7. Nbxd4 Bxc4 8. Qa4 Bd5 9. Bg5 Bxf3 10. Nxf3 Qd5 11. Rd1 Qa5+ 12. Qxa5 Nxa5 13. e3 Nec6 14. a3 h6 15. Bf4 g5 16. Bg3 Rd8 17. Rxd8+ Kxd8 18. b4 Nb3 19. Bc4 g4 20. Nh4 1-0

[Event "*** Titled Tuesday Blitz"]
[Site "Chess.com"]
[Date "2018.10.02"]
[Round "6"]
[White "jncool68"]
[Black "Korchmar_Vasiliy"]
[Result "0-1"]
[WhiteElo "2693"]
[BlackElo "2697"]
[TimeControl "180+2"]
[EndTime "14:17:52 PDT"]
[Termination "Korchmar_Vasiliy won by checkmate"]

1. e4 c5 2. Nf3 d6 3. d4 cxd4 4. Nxd4 Nf6 5. Nc3 Nc6 6. Bg5 e6 7. Qd2 a6 8. O-O-O h6 9. Nxc6 bxc6 10. Bf4 d5 11. Qe3 Bb4 12. Be2 O-O 13. e5 Nd7 14.
Bxh6 gxh6 15. Qxh6 Nxe5 16. Rd4 Be7 17. h4 Bf6 18.
Rh3 Bg7 19. Qh5 Ng6 20. Ra4 e5 21. Rg3 Rb8 22. Bd3 e4 23. Bxe4 dxe4 24. Nxe4 Bxb2+ 25. Kb1 Be5+ 26. Rb3 Be6 27. Ng5 Re8 28. Rg4 Qd1# 0-1

[Event "*** Titled Tuesday Blitz"]
[Site "Chess.com"]
[Date "2018.10.02"]
[Round "6"]
[White "Buffy7"]
[Black "DanielNaroditsky"]
[Result "0-1"]
[WhiteElo "2642"]
[BlackElo "2963"]
[TimeControl "180+2"]
[EndTime "14:17:59 PDT"]
[Termination "DanielNaroditsky won by resignation"]

1. c4 e5 2. Nc3 Nc6 3. Nf3 Nf6 4. e3 Bb4 5. Qc2 d6 6. Nd5 Bc5 7. b4 Bxb4 8. Nxb4 Nxb4 9. Qa4+ Nc6 10. d4 exd4 11. exd4 O-O 12. Be2 Re8 13. Be3 Ng4 14. Bg5 f6 15. Bf4 Bf5 16. Rd1 Qe7 17. Rd2 Qe4 18. Bg3 Qb1+ 19. Rd1 Rxe2+ 20. Kxe2 Re8+ 21. Kf1 Qb2 22. h3 Qe2+ 23. Kg1 Bc2 24. Qb5 Qxd1+ 0-1

[Event "*** Titled Tuesday Blitz"]
[Site "Chess.com"]
[Date "2018.10.02"]
[Round "6"]
[White "Rodalquilar"]
[Black "ShimanovAlex"]
[Result "0-1"]
[WhiteElo "2530"]
[BlackElo "2728"]
[TimeControl "180+2"]
[EndTime "14:18:06 PDT"]
[Termination "ShimanovAlex won by resignation"]

1. d4 Nf6 2. Bg5 Ne4 3. Bf4 Nc6 4. f3 e5 5. dxe5 g5 6. Bc1 Nc5 7. e4 Nxe5 8. Nc3 Bg7 9. Be3 d6 10. Qd2 h6 11. O-O-O Be6 12. h4 gxh4 13. f4 Ng4 14.
Bd4 Bxd4 15. Qxd4 Qf6 16. Qxf6 Nxf6 17. Rxh4 Nfxe4 18. Nxe4 Nxe4 19. Bd3 Nf2 20. Rd2 Nxd3+ 21. Rxd3 O-O-O 22. Nf3 Rdg8 23. Rd2 Rg3 24. Nd4 Bg4 25. Rh2 Re8 26. b3 h5 27. Kb2 Re4 28. Nb5 a6 29. Nc3 Rxf4 30. Nd5 Rf1 31. Ne3 Rxe3 0-1

[Event "*** Titled Tuesday Blitz"]
[Site "Chess.com"]
[Date "2018.10.02"]
[Round "6"]
[White "nOcHeaTiNgKiD"]
[Black "WPWPWP-2015"]
[Result "1-0"]
[WhiteElo "2442"]
[BlackElo "2271"]
[TimeControl "180+2"]
[EndTime "14:18:12 PDT"]
[Termination "nOcHeaTiNgKiD won by resignation"]

1. e4 e5 2. Nc3 Nf6 3. f4 d5 4. fxe5 Nxe4 5. Nf3 Be7 6. Qe2 Nxc3 7. dxc3 Be6 8. Bf4 c5 9. O-O-O O-O 10. h4 Qa5 11. Kb1 d4 12. c4 b5 13. Qe4 bxc4 14. Ng5 g6 15. Nxe6 c3 16. Nxf8 Qb6 17. b3 Nc6 18.
Nd7 Qc7 19. e6 1-0

[Event "*** Titled Tuesday Blitz"]
[Site "Chess.com"]
[Date "2018.10.02"]
[Round "6"]
[White "andrzej"]
[Black "albi1999"]
[Result "1-0"]
[WhiteElo "2220"]
[BlackElo "2388"]
[TimeControl "180+2"]
[EndTime "14:18:13 PDT"]
[Termination "andrzej won by resignation"]

1. d4 d5 2. c4 e6 3. Nf3 Nf6 4. g3 Bb4+ 5. Bd2 Bd6 6. Bg2 c6 7. O-O Nbd7 8. Qc2 O-O 9. Rd1 b6 10. cxd5 cxd5 11. Qc6 Qc7 12. Qxa8 Bb7 13. Qxa7 Ra8 14. Qxa8+ Bxa8 15. Nc3 Qb8 16. Nb5 Ne4 17. Be3 f6 18. Rac1 Bb7 19. Nxd6 Qxd6 20. Bf4 e5 21. dxe5 fxe5 22. Nxe5 Nxe5 23. Bxe4 Qe6 24. Bg2 Ng6 25. Be3 h5 26. Rc7 Ba8 27. Rdc1 Kh7 28. Bd4 Ne5 29.
f4 Nf7 30. e3 h4 31. g4 1-0

[Event "*** Titled Tuesday Blitz"]
[Site "Chess.com"]
[Date "2018.10.02"]
[Round "6"]
[White "RitvarsReimanis"]
[Black "lavr92"]
[Result "1/2-1/2"]
[WhiteElo "2604"]
[BlackElo "2521"]
[TimeControl "180+2"]
[EndTime "14:18:15 PDT"]
[Termination "Game drawn by repetition"]

1. d4 d5 2. c4 c6 3. Nf3 Nf6 4. e3 Bg4 5. Qb3 Qb6 6. Ne5 Bf5 7. c5 Qc7 8. Bd3 Bxd3 9. Qxd3 Nbd7 10. f4 Ne4 11.
Nd2 Nxd2 12. Bxd2 f6 13. Nxd7 Qxd7 14. e4 dxe4 15. Qxe4 e6 16. O-O-O Qd5 17. Qxd5 exd5 18. Rde1+ Kf7 19. f5 g6 20. g4 gxf5 21. gxf5 Rg8 22. Rhg1 Rxg1 23. Rxg1 Re8 24. Re1 Rxe1+ 25. Bxe1 Bh6+ 26.
Kc2 Kg7 27. Bg3 Be3 28. Kd3 Bg1 29. Bf4 Bf2 30. a4 a6 31. h3 Bg1 32. b3 Bf2 33.
Kc3 Kf7 34. Kd3 Kg7 35. Kc3 Kf7 36. Kd3 Kg7 37. Kc3 1/2-1/2

[Event "*** Titled Tuesday Blitz"]
[Site "Chess.com"]
[Date "2018.10.02"]
[Round "6"]
[White "Phelathegreat"]
[Black "NemtsevIgor"]
[Result "0-1"]
[WhiteElo "2301"]
[BlackElo "2368"]
[TimeControl "180+2"]
[EndTime "14:18:20 PDT"]
[Termination "NemtsevIgor won by resignation"]

1. d4 c6 2. c4 d6 3. Nf3 Nd7 4.
Nc3 h6 5. g3 g5 6. h3 Bg7 7. Bg2 Nf8 8. d5 c5 9. Qa4+ Bd7 10.
Qb3 b6 11. e4 Ng6 12. Be3 Ne5 13.
Nd2 Nd3+ 14. Ke2 Ne5 15. f4 Ng6 16. Bf3 Nf6 17. fxg5 hxg5 18. Bxg5 Ne5 19. h4 Rb8 20. a4 Bg4 21. Raf1 Nxf3 22. Nxf3 Nd7 23. Ke1 Bxf3 24. Rxf3 Ne5 25. Rff1 f6 26. Bf4 Bh6 27. Ne2 a6 28.
Bxh6 Rxh6 29. Nf4 b5 30. axb5 axb5 31. cxb5 Qa5+ 32. Ke2 Rxb5 33. Qa3 Qb6 34. Rb1 Kf7 35. Ne6 Rh8 36. Rhc1 c4 37. Rc2 Rg8 38. Rf1 Rb3 39. Qa1 Qe3+ 40. Kd1 Rd3+ 0-1

[Event "*** Titled Tuesday Blitz"]
[Site "Chess.com"]
[Date "2018.10.02"]
[Round "6"]
[White "Synctel"]
[Black "AliKa2810"]
[Result "0-1"]
[WhiteElo "1991"]
[BlackElo "2475"]
[TimeControl "180+2"]
[EndTime "14:18:32 PDT"]
[Termination "AliKa2810 won on time"]

1. d4 Nf6 2. Nf3 d5 3. Bf4 e6 4.
e3 c5 5. c3 Nc6 6. Nbd2 Bd6 7.
Bd3 cxd4 8. cxd4 Bxf4 9. exf4 Qb6 10. Nb3 a5 11. Rc1 a4 12. Nc5 Qxb2 13. O-O O-O 14. Re1 Qxa2 15. Bb1 Qb2 16. Re2 Qb4 0-1